 Dungeon Crawl Stone Soup version 0.30-a0-800-g7c544603b3 (webtiles) character file.

Game seed: 8753381098905497914

75 Pimp the Sneak (level 4, 0/23 HPs)
             Began as a Spriggan Brigand on Feb 21, 2023.
             Slain by Grinder (3 damage)
             ... on level 3 of the Dungeon.
             The game lasted 00:03:34 (1831 turns).

Pimp the Sneak (Spriggan Brigand)                   Turns: 1831, Time: 00:03:35

Health: 0/23       AC:  3    Str:  6 (7)  XL:     4   Next: 11%
Magic:  5/5        EV: 17    Int: 11 (12) God:
Gold:   128        SH:  0    Dex: 15 (18) Spells: 3/3 levels left

rFire   . . .      SeeInvis +    a - +2 dagger
rCold   . . .      Faith    .    (no shield)
rNeg    . . .      Spirit   .    b - +0 robe
rPois   .          Reflect  .    (helmet restricted)
rElec   .          Harm     .    c - +0 cloak
rCorr   .          Rampage  .    (gloves unavailable)
Will    .....                    (boots unavailable)
Stlth   +++                      (no amulet)
HPRegen 0.23/turn                (no ring)
MPRegen 0.09/turn                (no ring)

@: hasted, very quick
A: very small, no large weapons, unfitting armour, see invisible, speed 3
a: no special abilities


You were on level 3 of the Dungeon.
You visited 1 branch of the dungeon, and saw 3 of its levels.

You collected 128 gold pieces.

Inventory:

Hand Weapons
 a - a +2 dagger (weapon)
Missiles
 d - 7 poisoned darts (quivered)
 e - 2 curare-tipped darts
Armour
 b - a +0 robe (worn)
 c - a +0 cloak (worn)
Scrolls
 f - 2 scrolls of teleportation {unknown}
 i - 2 scrolls of immolation {unknown}
 l - a scroll of fog {unknown}
 m - a scroll of fear {unknown}
Potions
 h - a potion of degeneration
 j - 2 potions of attraction {unknown}
 k - a potion of might {unknown}
 n - a potion of curing {unknown}


   Skills:
 + Level 2.1 Fighting
 + Level 2.8 Short Blades
 + Level 2.6 Throwing
 + Level 2.7 Dodging
 + Level 6.4 Stealth


You had 3 spell levels left.
You didn't know any spells.
Your spell library contained the following spells:

 Spells                   Type           Power      Damage    Failure   Level
 Portal Projectile        Hex/Tloc       0%         N/A       71%         3
 Tukima's Dance           Hex            0%         N/A       71%         3
 Blade Hands              Tmut           0%         N/A       100%        5


Dungeon Overview and Level Annotations

Branches:
Dungeon (3/15)

Altars:

Shops:
D:1 =

Annotations:
D:3 Grinder


Innate Abilities, Weirdness & Mutations

You are very small and have problems with some larger weapons.
You are too small for most types of armour.
You have supernaturally acute eyesight. (SInv)
You cover ground extremely quickly. (Speed+++)


Message History

You hit Grinder.
Grinder is lightly wounded.
You closely miss Grinder.
Grinder is lightly wounded.
Grinder misses you.
You hit Grinder.
Grinder is lightly wounded.
Grinder says, "You look like you could use a good racking."
Grinder completely misses you.
You hit Grinder.
Grinder is lightly wounded.
Grinder closely misses you.
You hit Grinder.
Grinder is moderately wounded.
Grinder blinks!
Grinder gestures at you. You resist with some effort.
You barely miss Grinder.
Grinder is lightly wounded.
Grinder hits you but does no damage.
You hit Grinder.
Grinder is moderately wounded.
Grinder misses you.
You closely miss Grinder.
Grinder is moderately wounded.
Grinder hits you.
You writhe in agony.
You hit Grinder.
Grinder is moderately wounded.
Grinder barely misses you.
You barely miss Grinder.
Grinder is moderately wounded.
Grinder misses you.
It was a potion of degeneration.
There was something very wrong with that liquid.
You feel weakened.
You feel dopey.
You feel clumsy. Grinder hits you.
You writhe in agony.
It was a potion of haste.
You feel yourself speed up. Grinder hits you.
* * * LOW HITPOINT WARNING * * *
You writhe in agony.
You die...

#.......#
#.......#####
#####............
#..))............
#.###.##.........
#.###.##.########
#...#.#..## #####
###.#.....######......
#.#..>...5@....#
#.#.....###.####
#.#.....# #.#
#.#.....# #+#
#.#.....# #.#.....#
#.#.....# #.#..... #<#


You could see Grinder.

Vanquished Creatures
  3 gnolls (D:3)
  A worm (D:2)
  7 bats
  5 endoplasms
  A giant cockroach (D:2)
  6 goblins
  4 hobgoblins
  4 kobolds
  2 quokkas (D:1)
  3 ball pythons
  2 frilled lizards (D:1)
  3 rats
41 creatures vanquished.

Notes
Turn   | Place    | Note
-------+----------+-------------------------------------------
     0 | D:1      | Pimp the Spriggan Brigand began the quest for the Orb.
     0 | D:1      | Reached XP level 1. HP: 10/10 MP: 2/2
    53 | D:1      | Found Ylaamof's Jewellery Boutique.
    73 | D:1      | Found a faded altar of an unknown god.
   149 | D:1      | Reached skill level 6 in Stealth
   246 | D:1      | Reached XP level 2. HP: 15/15 MP: 3/3
   691 | D:1      | Reached XP level 3. HP: 12/18 MP: 4/4
  1795 | D:3      | Reached XP level 4. HP: 20/23 MP: 5/5
  1812 | D:3      | Noticed Grinder
  1831 | D:3      | Slain by Grinder

Illustrated notes

Levels and vault maps discovered:
D:1:      dpeg_arrival_rooms_b, layout_basic,
          hellmonk_ecumenical_altar_leap_of_faith, serial_shops, shop,
          minmay_unequal
D:2:      layout_basic
D:3:      minmay_razor_zed, layout_basic, lemuel_flame_loot_1, uniq_grinder

Skill      XL: |  1  2  3 |
---------------+----------+-----
Stealth        | 6 |  6.4
Dodging        | 2 |  2.7
Fighting       | 2 |  2.1
Short Blades   | |  2.8
Throwing       | |  2.6

Action                     |  1- 3 |  4- 6 || total
---------------------------+-------+-------++-------
  Melee: Dagger            |    97 |    10 ||   107
         Punch             |     3 |       ||     3
  Throw: Dart              |    16 |       ||    16
    Use: Potion            |       |     2 ||     2
   Stab: Sleeping          |    11 |       ||    11
         Distracted        |     1 |       ||     1
 Armour: Robe              |    11 |     1 ||    12
  Dodge: Dodged            |    66 |     7 ||    73

Table legend: (Time is in decaauts)
 A = Elapsed time spent in this place.
 B = Non-inter-level travel time spent in this place.
 C = Inter-level travel time spent in this place.
 D = Time resting spent in this place.
 E = Time spent auto-exploring this place.
 F = Levels seen in this place.
 G = Mean time per level.
                   A        B        C        D        E       F      G
               +--------+--------+--------+--------+--------+-----+--------+
         Total |   1181 |   1121 |     60 |      0 |    829 |   3 |  393.7 |
       Dungeon |   1181 |   1121 |     60 |      0 |    829 |   3 |  393.7 |
               +--------+--------+--------+--------+--------+-----+--------+

Top non-repeatable levels by time:
     D:1: 606 daAuts
     D:2: 527 daAuts
     D:3: 47 daAuts
